 Dungeon Crawl Stone Soup version 0.24-a0-462-ge24419a6ad (console) character file.

Game seed: 1546881659790470284

45 Lexodia the Chopper (level 3, 0/33 HPs)
             Began as a Hill Orc Monk on July 1, 2019.
             Slain by an iguana (14 damage)
             ... on level 4 of the Dungeon.
             The game lasted 00:01:34 (638 turns).

Lexodia the Chopper (Hill Orc Monk)                  Turns: 638, Time: 00:01:34

Health: 0/33       AC:  5    Str: 13    XL:     3   Next: 64%
Magic:  3/3        EV: 10    Int: 10    God:
Gold:   57         SH:  8    Dex: 14    Spells: 2/2 levels left

rFire    . . .     SeeInvis .   a - +0 hand axe
rCold    . . .     Gourm    .   g - +0 shield
rNeg     . . .     Faith    .   b - +0 robe
rPois    .         Spirit   .   i - +0 helmet
rElec    .         Reflect  .   (no cloak)
rCorr    .         Harm     .   (no gloves)
MR       .....                  e - +1 pair of boots
Stlth    ++........             (no amulet)
HPRegen  0.11/turn              (no ring)
MPRegen  0.08/turn              (no ring)

@: no status effects
A: no striking features
a: no special abilities


You were on level 4 of the Dungeon.
You were not hungry.

You visited 1 branch of the dungeon, and saw 4 of its levels.

You collected 57 gold pieces.

Inventory:

Hand Weapons
 a - a +0 hand axe (weapon)
Armour
 b - a +0 robe (worn)
 e - a +1 pair of boots (worn)
 g - a +0 shield (worn)
 i - a +0 helmet (worn)
Scrolls
 j - a scroll of magic mapping {unknown}
Potions
 d - 2 potions of heal wounds {unknown}
 h - a potion of curing {unknown}
Comestibles
 c - 2 rations
 f - a chunk of flesh


   Skills:
 - Level 4.0 Fighting
 + Level 4.5 Axes
 * Level 2.8 Dodging
 - Level 1.5 Stealth
 * Level 1.6 Shields


You had 2 spell levels left.
You didn't know any spells.
Your spell library was empty.

Dungeon Overview and Level Annotations

Branches:
Dungeon (4/15)
 Temple: D:4-7

Altars:


Message History

You closely miss the iguana. The iguana barely misses you.
You closely miss the iguana. The iguana closely misses you.
You closely miss the iguana. You block the iguana's attack.
You slash the iguana!
The iguana is heavily wounded.
The iguana closely misses you.
You hit the iguana but do no damage.
The iguana is moderately wounded.
You block the iguana's attack.
You closely miss the iguana.
The iguana is moderately wounded.
You block the iguana's attack.
You barely miss the iguana.
The iguana is moderately wounded.
You block the iguana's attack. The iguana bites you!
Huge Dmg: -24%(-8hp) hp: 43%(14hp)
You hit the iguana but do no damage.
The iguana is moderately wounded.
The iguana bites you!
You die...

.#........#
.........#
#........#
#........#
#........#
#........#
#..†l....#
###...@....#
.....[....###
#########.#
#.......#
#.#######
#.#######
#.......#
##########.#
#.....#.##.###


You could see an iguana.

Vanquished Creatures
  A hound (D:4)
  A ball python (D:1)
  4 goblins (D:1)
  4 hobgoblins
  A kobold (D:1)
  2 bats (D:1)
13 creatures vanquished.

Notes
Turn   | Place    | Note
-------+----------+-------------------------------------------
     0 | D:1      | Lexodia the Hill Orc Monk began the quest for the Orb.
     0 | D:1      | Reached XP level 1. HP: 19/19 MP: 1/1
   345 | D:1      | Reached XP level 2. HP: 25/27 MP: 2/2
   629 | D:4      | Reached skill level 1 in Shields
   629 | D:4      | Reached XP level 3. HP: 24/33 MP: 3/3
   638 | D:4      | Huge Dmg: 8 dmg
   638 | D:4      | Slain by an iguana

Levels and vault maps discovered:
D:1:      saegor_arrival_simple_b, layout_loops_corners, corner_web_ring
D:2:      layout_basic, lemuel_tele_altar
D:3:      layout_basic, first_ration, serial_rivers,
          chequers_serial_rivers_room_b, chequers_serial_rivers_room_a,
          chequers_serial_rivers_micro_a, chequers_serial_rivers_micro_b,
          chequers_serial_rivers_small_3, makhleb_heckhound_becter
D:4:      layout_basic

Skill      XL: |  1  2 |
---------------+-------+-----
Fighting       | 4 |  4.0
Shields        | 1 |  1.6
Axes           | |  4.5
Dodging        | |  2.8
Stealth        | |  1.5

Action                   || total
-------------------------++-------
Melee: Hand axe          ||    75
 Stab: Sleeping          ||     1
Armor: Robe              ||    27
Dodge: Dodged            ||    33
Block: Shield            ||    26

Table legend:
 A = Non-vault XP
 B = Vault XP
 C = Vault XP percentage of total XP
 D = Non-vault monster count
 E = Vault monster count
 F = Vault count percentage of total count
                 A         B        C        D         E       F
            +---------+---------+-------+---------+---------+-------
      Total |      65 |       0 |   0.0 |      13 |       0 |   0.0
            +---------+---------+-------+---------+---------+-------
        D:1 |      18 |       0 |   0.0 |      11 |       0 |   0.0
        D:2 |       2 |       0 |   0.0 |       1 |       0 |   0.0
        D:4 |      45 |       0 |   0.0 |       1 |       0 |   0.0
            +---------+---------+-------+---------+---------+-------
